 Dungeon Crawl Stone Soup version 0.18.1-8-gdd0e5ea (webtiles) character file.

119 Scarto the Skirmisher (level 4, -2/37 HPs)
             Began as a Demonspawn Fighter on May 22, 2016.
             Killed from afar by an orc wizard (12 damage)
             ... with a puff of flame
             ... on level 3 of the Dungeon.
             The game lasted 00:03:15 (1717 turns).

Scarto the Skirmisher (Demonspawn Fighter)          Turns: 1717, Time: 00:03:15

Health: -2/37      AC:  7    Str: 17    XL:     4   Next: 74%
Magic:  4/4        EV:  7    Int:  9    God:
Gold:   161        SH:  9    Dex: 13    Spells: 0 memorised, 3 levels left

rFire  x . .     SeeInvis .     a - +0 war axe
rCold  + . .     Gourm    .     b - +0 scale mail
rNeg   . . .     Faith    .     c - +0 shield
rPois  .         Spirit   .     (no helmet)
rElec  .         Dismiss  .     (no cloak)
rCorr  .         Reflect  .     (no gloves)
SustAt .         Harm     .     (no boots)
MR     .....                    j - amulet of regeneration
Stlth  ..........               (no ring)
                                f - ring of ice

@: lethally poisoned (-2 -> -3), not resistant to hostile enchantments,
extremely unstealthy
A: hooves 1, icy blue scales 1
a: no special abilities


You were on level 3 of the Dungeon.
You were not hungry.

You visited 1 branch of the dungeon, and saw 3 of its levels.

You collected 161 gold pieces.

Inventory:

Hand Weapons
 a - a +0 war axe (weapon)
Armour
 b - a +0 scale mail (worn)
 c - a +0 shield (worn)
Jewellery
 f - a ring of ice (left hand)
 j - an amulet of regeneration (around neck)
Scrolls
 e - 3 scrolls of enchant weapon
 h - 2 scrolls of teleportation {unknown}
 i - 2 scrolls of amnesia {unknown}
 k - a scroll of magic mapping {unknown}
 n - a scroll of enchant armour {unknown}
 p - 2 scrolls of immolation {unknown}
 q - a scroll of noise {unknown}
Potions
 d - a potion of might
 g - 2 potions of invisibility {unknown}
 l - 2 potions of lignification
 m - a potion of agility {unknown}
 s - a potion of curing {unknown}
Comestibles
 o - a slice of pizza
 r - a meat ration


   Skills:
 + Level 3.8 Fighting
 + Level 2.6 Axes
 + Level 3.2 Armour
 + Level 3.5 Shields


You had 3 spell levels left.
You didn't know any spells.

Dungeon Overview and Level Annotations

Branches:
Dungeon (3/15)

Altars:
Elyvilon
Yredelemnul


Innate Abilities, Weirdness & Mutations

You have large cloven feet.
You are partially covered in icy blue scales (AC +1).


Message History

The magic dart hits you!
The orc wizard hits you but does no damage.
Unknown command.
You hit the orc wizard but do no damage.
Your kick misses the orc wizard.
The orc wizard is almost dead.
You feel sick.
The orc wizard hits you but does no damage.
The orc wizard mumbles some strange words.
The orc wizard flickers and vanishes!
Deactivating autopickup; reactivate with Ctrl-A.
You hear some strange, mumbled words.
A puff of frost appears from out of thin air!
The puff of frost hits you! You resist.
* * * LOW HITPOINT WARNING * * *
You closely miss something. Your kick misses something.
You feel sick.
You hear some strange, mumbled words.
A puff of flame appears from out of thin air!
The puff of flame hits you! The fire burns you terribly!
You die...

#.#####.##.#
...........#
#.#####.##.....
#.#####.##.####
........##.# .
#.####..##.# #
#..##>#####.#
#......)....#
#....#@)...#.
#...###{....#
....... ..####
###.###. #...
#. # #### #. ..


There were no monsters in sight!

Vanquished Creatures
  A crimson imp (D:3)
  An adder (D:2)
  An ooze (D:1)
  A worm (D:2)
  A dart slug (D:2)
  A giant gecko (D:1)
  4 orcs (D:3)
  A ball python (D:1)
  4 bats
  A giant cockroach (D:3)
  11 goblins
  8 hobgoblins
  4 jackals
  9 kobolds
  A quokka (D:2)
  3 giant newts (D:2)
  6 rats
58 creatures vanquished.

Notes
Turn   | Place    | Note
--------------------------------------------------------------
     0 | D:1      | Scarto the Demonspawn Fighter began the quest for the Orb.
     0 | D:1      | Reached XP level 1. HP: 18/18 MP: 1/1
    59 | D:1      | Gained mutation: You are partially covered in icy blue scales (AC +1). [demonic ancestry]
    59 | D:1      | Reached XP level 2. HP: 20/24 MP: 2/2
   476 | D:1      | Reached XP level 3. HP: 28/29 MP: 3/3
   801 | D:2      | Found a white marble altar of Elyvilon.
  1017 | D:2      | Found a basalt altar of Yredelemnul.
  1085 | D:2      | Gained mutation: You have large cloven feet. [demonic ancestry]
  1085 | D:2      | Reached XP level 4. HP: 24/35 MP: 4/4
  1717 | D:3      | Killed from afar by an orc wizard

Skill      XL: |  1  2  3 |
---------------+----------+-----
Shields        | 3 |  3.5
Axes           | 2 |  2.6
Armour         | 3 |  3.2
Fighting       | |  3.8

Action                   |  1- 3 |  4- 6 || total
-------------------------+-------+-------++-------
Melee: War axe           |   147 |    59 ||   206
       Kick              |       |    11 ||    11
  Use: Scroll            |       |     2 ||     2
  Eat: Bread ration      |       |     1 ||     1
       Beef jerky        |       |     1 ||     1
Armor: Scale mail        |    65 |    35 ||   100
Dodge: Dodged            |    42 |    16 ||    58
Block: Shield            |    85 |    24 ||   109
